 Dungeon Crawl Stone Soup version 0.24.1 (webtiles) character file.

Game seed: 12190064448148324484, levelgen mode: deterministic

36390 Peloso the Peltast (level 13, -1/116 HPs)
             Began as a Minotaur Fighter on Apr 4, 2020.
             Was a High Priest of Okawaru.
             Slain by a stone giant zombie (26 damage)
             ... on level 1 of the Orcish Mines.
             The game lasted 00:43:05 (13732 turns).

Peloso the Peltast (Minotaur Fighter)              Turns: 13732, Time: 00:43:06

Health: -1/116     AC: 17    Str: 24    XL:     13   Next: 52%
Magic:  13/14      EV: 18    Int:  5    God:    Okawaru [*****.]
Gold:   1596       SH: 17    Dex: 12    Spells: 12/12 levels left

rFire    . . .     SeeInvis .   a - +2 falchion (flame)
rCold    + . .     Gourm    .   c - +1 shield
rNeg     + + .     Faith    .   s - +5 scale mail "Luesch" {rN++}
rPois    .         Spirit   .   (helmet restricted)
rElec    .         Reflect  .   r - scarf {cloud immunity}
rCorr    .         Harm     .   k - +0 pair of gloves {archery}
MR       .....                  (no boots)
Stlth    ++........             (no amulet)
HPRegen  0.29/turn              t - +1 ring of protection
MPRegen  0.14/turn              y - ring of protection from cold

@: heroism
A: retaliatory headbutt, horns 2
a: Heroism, Finesse, Renounce Religion


You were on level 1 of the Orcish Mines.
You worshipped Okawaru.
Okawaru was extremely pleased with you.
You were very hungry.

You visited 4 branches of the dungeon, and saw 14 of its levels.
You also visited: Ice Cave.

You collected 1596 gold pieces.

Inventory:

Hand Weapons
 a - a +2 falchion of flaming (weapon)
 b - the +10 mace of Impatience {freeze, rPois Str+3 SInv}
   (You found it on level 1 of the Orcish Mines)

   It has been specially enchanted to freeze those struck by it, causing extra
   injury to most foes and up to half again as much damage against particularly
   susceptible opponents.
   It can also slow down cold-blooded creatures.
   It affects your strength (+3).
   It protects you from poison.
   It lets you see invisible.
 u - the +6 flail of Zinast {holy, Str+6 Int-5}
   (You found it on level 1 of the Orcish Mines)

   It has been blessed by the Shining One to cause great damage to the undead
   and demons.
   It affects your strength (+6).
   It affects your intelligence (-5).
 z - the +4 war axe "Arin" {antimagic, *Slow rElec Str+2 Dex+6}
   (You found it on level 1 of the Orcish Mines)

   It reduces the magical energy of the wielder, and disrupts the spells and
   magical abilities of those hit.
   Natural abilities and divine invocations are not affected.
   It affects your strength (+2).
   It affects your dexterity (+6).
   It insulates you from electricity.
   It may slow you when you take damage.
Armour
 c - a +1 shield (worn)
 g - a +0 cloak
 k - a +0 pair of gloves of archery (worn)
 r - a scarf of cloud immunity (worn)
 s - the +5 scale mail "Luesch" (worn) {rN++}
   (You found it on level 4 of the Dungeon)

   It greatly protects you from negative energy.
Jewellery
 m - an uncursed ring of see invisible
 t - a +1 ring of protection (left hand)
 y - a ring of protection from cold (right hand)
 D - an uncursed ring of stealth
 I - an uncursed ring of positive energy
Wands
 p - a wand of polymorph (7)
 w - a wand of digging (3)
 B - a wand of paralysis (17)
 F - a wand of flame (30)
Scrolls
 e - 2 scrolls of identify
 h - 3 scrolls of noise
 n - a scroll of teleportation
 o - 3 scrolls of enchant weapon
 q - 3 scrolls of remove curse
 x - 2 scrolls of fear
 G - a scroll of fog
 H - a scroll of holy word
Potions
 d - 3 potions of might
 i - 7 potions of curing
 j - a potion of agility
 l - a potion of magic
 v - a potion of brilliance
 A - 2 potions of flight
 E - a potion of berserk rage
Comestibles
 f - 19 rations


   Skills:
 + Level 11.3(16.3) Fighting
 + Level 14.7(19.7) Long Blades
 + Level 9.6(14.6) Armour
 + Level 9.6(14.6) Dodging
 + Level 2.0(7.0) Stealth
 + Level 15.0(20.0) Shields
 + Level 0.9(5.9) Unarmed Combat
 + Level 3.0 Invocations


You had 12 spell levels left.
You didn't know any spells.
Your spell library contained the following spells:

 Spells                   Type           Power        Failure   Level  Hunger
 Beastly Appendage        Tmut           #.....       71%         1    ##.....
 Confusing Touch          Hex            #.....       71%         1    ##.....
 Sting                    Conj/Pois      #...         71%         1    ##.....
 Poisonous Vapours        Pois/Air       #.....       83%         2    ###....
 Sticks to Snakes         Tmut           #.......     83%         2    ###....
 Confuse                  Hex            #.......     97%         3    ####...
 Gell's Gravitas          Tloc           #.........   97%         3    ####...
 Mephitic Cloud           Conj/Pois/Air  #.......     97%         3    ####...
 Spider Form              Tmut/Pois      #.........   97%         3    ####...
 Ice Form                 Ice/Tmut       #.......     100%        4    #####..
 Olgreb's Toxic Radiance  Pois           #.......     100%        4    #####..
 Petrify                  Tmut/Erth      #.......     100%        4    #####..
 Blade Hands              Tmut           #.........   100%        5    ######.
 Metabolic Englaciation   Hex/Ice        #.........   100%        5    ######.
 Venom Bolt               Conj/Pois      #.........   100%        5    ######.
 Yara's Violent Unravell  Hex/Tmut       #.........   100%        5    ######.


Dungeon Overview and Level Annotations

Branches:
Dungeon (11/15)            Temple (1/1) D:6            Lair (1/6) D:9
    Orc (1/2) D:10          IceCv (visited)

Altars:
Ashenzari
Cheibriados
Dithmenos
Elyvilon
Fedhas
Gozag
Hepliaklqana
Kikubaaqudgha
Makhleb
Nemelex Xobeh
Okawaru
Qazlal
Ru
Trog
Uskayaw
Vehumet
Wu Jian
Xom
Yredelemnul
Zin
The Shining One

Annotations:
D:9 Erolcha


Innate Abilities, Weirdness & Mutations

You reflexively headbutt those who attack you in melee.
You have a pair of horns on your head.


Message History

You slash the stone giant zombie! You burn the stone giant zombie.
The stone giant zombie is moderately damaged.
You hit the stone giant zombie. You burn the stone giant zombie.
The stone giant zombie is heavily damaged.
You hit the stone giant zombie but do no damage.
The stone giant zombie is heavily damaged.
The stone giant zombie hits you!!
* * * LOW HITPOINT WARNING * * *
You hit the stone giant zombie but do no damage.
The stone giant zombie is heavily damaged.
You slash the stone giant zombie! You burn the stone giant zombie.
You headbutt the stone giant zombie, but do no damage.
The stone giant zombie is heavily damaged.
The stone giant zombie barely misses you.
You hit the stone giant zombie. You burn the stone giant zombie.
The stone giant zombie is heavily damaged.
You slash the stone giant zombie! You burn the stone giant zombie.
The stone giant zombie is severely damaged.
The stone giant zombie hits you!!
You die...

############ #######
#>.........####..(...
#.........()(.(..(...
#..........####......
#..........#######(##
#..........))).))#.##
#([........#[..))#.((
#.)[@......##########
###Z######## #(Z ##
#(( .. ###
####.......
#..........
#.........
####......... ...
#............


You could see a cyclops zombie and a stone giant zombie.

Vanquished Creatures
  A frost giant (IceCv)
  A stone giant (Orc:1)
  3 ettins (Orc:1)
  A two-headed ogre (Orc:1)
  2 death yaks (IceCv)
  A titan zombie (Orc:1)
  An orc high priest (Orc:1)
  3 orc knights
  A stone giant zombie (Orc:1)
  2 orc sorcerers (D:10)
  13 cyclopes
  A manticore (D:11)
  A gargoyle (D:11)
  An ice statue (IceCv)
  2 rime drakes (D:11)
  A komodo dragon (D:10)
  A troll (D:10)
  19 polar bears
  A hornet (D:9)
  A hippogriff (D:10)
  Sigmund (D:3)
  A shadow (D:11)
  21 yaks
  Edmund (D:6)
  5 wargs (Orc:1)
  5 ice beasts
  2 black bears
  15 orc warriors
  3 sky beasts
  2 phantoms
  A necrophage (D:7)
  10 ogres
  10 centaurs
  22 wolves
  A crocodile (D:7)
  3 big kobolds
  Blork the orc (D:4)
  7 bullfrogs
  5 scorpions
  3 killer bees (D:7)
  21 wights
  A howler monkey (D:10)
  4 crimson imps
  A quasit (D:7)
  A bullfrog zombie (D:9)
  3 centaur zombies
  2 bullfrog skeletons
  12 orc priests
  4 hounds
  3 jellies
  5 iguanas
  Ijyb (D:3)
  4 gnoll shamans
  22 orc wizards
  9 worker ants
  A hound zombie (D:5)
  Robin (D:3)
  18 gnolls
  15 adders
  A hound simulacrum (D:11)
  A shadow imp (D:7)
  2 white imps (D:11)
  An ufetubus (D:11)
  An ooze (D:3)
  An adder skeleton (D:8)
  4 worms
  A dart slug (D:2)
  8 leopard geckos
  92 orcs
  A ball python (D:1)
  13 bats
  3 giant cockroaches
  9 goblins
  13 hobgoblins
  4 jackals
  13 kobolds
  2 quokkas
  7 frilled lizards
  2 jackal zombies
  3 quokka skeletons
  A quokka zombie (D:7)
  4 rats
491 creatures vanquished.

Vanquished Creatures (others)
  A fungus (D:9)
1 creature vanquished.

Grand Total: 492 creatures vanquished

Notes
Turn   | Place    | Note
-------+----------+-------------------------------------------
     0 | D:1      | Peloso the Minotaur Fighter began the quest for the Orb.
     0 | D:1      | Reached XP level 1. HP: 19/19 MP: 0/0
   131 | D:1      | Reached XP level 2. HP: 27/27 MP: 1/1
   276 | D:1      | Reached skill level 4 in Shields
   686 | D:2      | Reached XP level 3. HP: 29/33 MP: 2/2
   687 | D:2      | Reached skill level 1 in Dodging
  1048 | D:2      | Found a blossoming altar of Fedhas.
  1249 | D:2      | Reached XP level 4. HP: 19/40 MP: 3/3
  1455 | D:3      | Noticed Robin
  1464 | D:3      | Killed Robin
  1633 | D:3      | Found a faded altar of an unknown god.
  1652 | D:3      | Reached XP level 5. HP: 41/46 MP: 4/4
  1745 | D:3      | Found a stormy altar of Qazlal.
  1746 | D:3      | Noticed an air elemental
  1746 | D:3      | Noticed a water elemental
  1746 | D:3      | Noticed a fire elemental
  1938 | D:3      | Noticed Ijyb
  1947 | D:3      | Killed Ijyb
  2164 | D:3      | Noticed Sigmund
  2180 | D:3      | Killed Sigmund
  2180 | D:3      | Reached skill level 5 in Long Blades
  2180 | D:3      | Reached XP level 6. HP: 38/53 MP: 5/5
  2215 | D:3      | Reached skill level 5 in Shields
  2522 | D:4      | Reached skill level 5 in Armour
  2541 | D:4      | Reached XP level 7. HP: 50/60 MP: 6/6
  2596 | D:4      | Noticed Blork the orc
  2601 | D:4      | Killed Blork the orc
  2775 | D:4      | Reached skill level 5 in Fighting
  2775 | D:4      | Reached skill level 1 in Stealth
  2793 | D:4      | Got a fine scale mail
  2804 | D:4      | Identified the +5 scale mail "Luesch" {rN++} (You found it
                  | on level 4 of the Dungeon)
  2935 | D:5      | Entered Level 5 of the Dungeon
  2976 | D:5      | Reached skill level 6 in Shields
  3287 | D:5      | Reached XP level 8. HP: 68/68 MP: 7/7
  4031 | D:6      | Found a shattered altar of Ashenzari.
  4067 | D:6      | Found a staircase to the Ecumenical Temple.
  4113 | Temple   | Entered the Ecumenical Temple
  4118 | Temple   | Became a worshipper of Warmaster Okawaru
  4147 | D:6      | Identified the +3 leather armour of the Seven Wonders
                  | {Dex+8}
  4246 | D:6      | Noticed Edmund
  4269 | D:6      | Killed Edmund
  4391 | D:6      | Reached skill level 7 in Shields
  4479 | D:6      | Reached * piety under Okawaru
  4543 | D:6      | Found a basalt altar of Yredelemnul.
  4544 | D:6      | Found a burning altar of Makhleb.
  4624 | D:7      | Reached XP level 9. HP: 53/75 MP: 8/8
  4723 | D:7      | Found a glowing silver altar of Zin.
  4926 | D:7      | Reached ** piety under Okawaru
  5145 | D:7      | Reached skill level 8 in Shields
  5545 | D:8      | Reached skill level 5 in Dodging
  5592 | D:8      | Reached skill level 10 in Long Blades
  5594 | D:8      | Reached *** piety under Okawaru
  5627 | D:8      | Reached skill level 9 in Shields
  5701 | D:8      | Reached XP level 10. HP: 73/86 MP: 9/9
  6268 | D:8      | Found an ancient bone altar of Kikubaaqudgha.
  6553 | D:8      | Found a stormy altar of Qazlal.
  6711 | D:9      | Found a hide-covered altar of Uskayaw.
  6812 | D:9      | Found a white marble altar of Elyvilon.
  6819 | D:9      | Reached **** piety under Okawaru
  6848 | D:9      | Reached skill level 10 in Shields
  6884 | D:9      | Found a staircase to the Lair.
  6902 | D:9      | Found an opulent altar of Gozag.
  7080 | D:9      | Noticed Erolcha
  7081 | D:9      | Paralysed by a hornet for 2 turns
  7412 | D:10     | Entered Level 10 of the Dungeon
  7618 | D:10     | Found a staircase to the Orcish Mines.
  7933 | D:10     | Reached ***** piety under Okawaru
  8172 | D:11     | Noticed an orc knight
  8204 | D:11     | Killed an orc knight
  8204 | D:11     | Reached XP level 11. HP: 34/93 MP: 10/10
  8250 | D:11     | Reached skill level 11 in Shields
  8334 | D:11     | Found a frozen archway.
  8355 | IceCv    | Entered an ice cave
  8623 | IceCv    | Reached skill level 1 in Invocations
  8628 | IceCv    | Received a gift from Okawaru
  8720 | IceCv    | Noticed a death yak
  8759 | IceCv    | Killed a death yak
  9029 | IceCv    | Reached skill level 12 in Shields
  9337 | IceCv    | Reached XP level 12. HP: 78/104 MP: 9/11
  9486 | IceCv    | Noticed a death yak
  9516 | IceCv    | Killed a death yak
  9693 | IceCv    | Noticed a frost giant
  9719 | IceCv    | Killed a frost giant
  9725 | IceCv    | Reached skill level 13 in Shields
 10447 | D:11     | Found a shattered altar of Ashenzari.
 10472 | D:11     | Reached skill level 10 in Fighting
 10618 | D:11     | Noticed a six-headed hydra
 10692 | Lair:1   | Entered Level 1 of the Lair of Beasts
 10721 | Lair:1   | Noticed a six-headed hydra
 10766 | Orc:1    | Entered Level 1 of the Orcish Mines
 10808 | D:10     | Received a gift from Okawaru
 12128 | D:10     | Reached skill level 14 in Shields
 12280 | Orc:1    | Noticed an ettin
 12319 | Orc:1    | Killed an ettin
 12319 | Orc:1    | Reached XP level 13. HP: 105/114 MP: 5/13
 13084 | Orc:1    | Noticed an ettin
 13085 | Orc:1    | Noticed an ettin
 13086 | Orc:1    | Noticed a stone giant
 13103 | Orc:1    | Killed an ettin
 13129 | Orc:1    | Killed a stone giant
 13137 | Orc:1    | Killed an ettin
 13146 | Orc:1    | Reached skill level 15 in Shields
 13498 | Orc:1    | Got a steaming mace
 13500 | Orc:1    | Got an iridescent flail
 13502 | Orc:1    | Got a crude war axe
 13514 | Orc:1    | Identified the +10 mace of Impatience {freeze, rPois Str+3
                  | SInv} (You found it on level 1 of the Orcish Mines)
 13515 | Orc:1    | Lost intelligence.
 13515 | Orc:1    | Identified the +6 flail of Zinast {holy, Str+6 Int-5} (You
                  | found it on level 1 of the Orcish Mines)
 13664 | Orc:1    | Identified the +4 war axe "Arin" {antimagic, *Slow rElec
                  | Str+2 Dex+6} (You found it on level 1 of the Orcish Mines)
 13732 | Orc:1    | Slain by a stone giant zombie

Levels and vault maps discovered:
D:1:      ncdulo_watergridlock, layout_basic
D:2:      layout_basic, lemuel_round_altar, minmay_misc_feat_room
D:3:      layout_loops_corners, chequers_ecumenical_altar_twisty, st_stairs_4,
          serial_park_tiny_pond, nicolae_qazlal_style_of_elements, uniq_sigmund,
          uniq_ijyb, uniq_robin
D:4:      minmay_chambers_of_fours, layout_rooms, grunt_ministairs_6,
          uniq_blork_the_orc
D:5:      layout_cave_pods, first_ration
D:6:      layout_rooms, gammafunk_temple_overflow_statue,
          nicolae_overflow_crystal_walls, minmay_temple_entry_slanted,
          minivault_26, minmay_checkerbox, uniq_edmund
D:7:      layout_loops_cross, zin_treasury
D:8:      layout_cave_pools, kiku_gazebo_garden_becter, kennysheep_little_box
D:9:      layout_roguey, lemuel_round_altar, eat_drink_and_be_merry_uskayaw,
          elyvilon_altar_5, grunt_gozag_statues, blue_anna_alchemist
          [blue_anna_fruit_fields, blue_anna_fruit_fields], fedhas_altar_3,
          uniq_erolcha
D:10:     layout_roguey, hiddenorc1_lemuel
D:11:     layout_roguey, basic_altar, serial_ice, serial_ice_o, serial_ice_e,
          serial_ice_g, serial_ice_m, portal_ice_cave_rime, special_room
          [special_room_orc], amethyst_killhole
Temple:   minmay_freezing_vapour_temple
Lair:1:   beast_lair_carwin_large_2, layout_long_grid
Orc:1:    giant_chief_lemuel, layout_diamond_mine, led_sif_book, uniq_urug

Skill      XL: |  1  2  3  4  5  6  7  8  9 10 11 12 13 |
---------------+----------------------------------------+-----
Armour         | 4 5 6 7 8 9 |  9.6
Shields        | 4 5 6 7 9 10 12 14 15 | 15.0
Dodging        | 2 3 5 6 7 9 |  9.6
Fighting       | 4 5 6 7 9 10 11 | 11.3
Long Blades    | 3 5 6 9 10 12 13 14 | 14.7
Stealth        | 1 2 |  2.0
Invocations    | 1 3 |  3.0
Unarmed Combat | |  0.9

Action                   |  1- 3 |  4- 6 |  7- 9 | 10-12 | 13-15 || total
-------------------------+-------+-------+-------+-------+-------++-------
Melee: Long sword        |   109 |   122 |   397 |  1025 |   188 ||  1841
       Headbutt          |    18 |    19 |    79 |   278 |    87 ||   481
       Unarmed           |       |     5 |       |       |       ||     5
       Falchion          |       |       |       |       |    58 ||    58
Invok: Heroism           |       |       |     2 |    23 |    10 ||    35
       Finesse           |       |       |       |     1 |     1 ||     2
Evoke: Wand              |       |       |     1 |       |       ||     1
  Use: Potion            |       |     5 |     1 |     5 |     1 ||    12
       Scroll            |       |       |     5 |    14 |     5 ||    24
 Stab: Confused          |       |     1 |       |       |       ||     1
  Eat: Chunk             |     1 |     4 |     5 |    22 |     4 ||    36
       Ration            |       |       |     2 |       |       ||     2
Armor: Scale mail        |    81 |    42 |   198 |   323 |    19 ||   663
       Plate armour      |       |       |     2 |       |       ||     2
Dodge: Dodged            |    55 |    34 |   163 |   406 |    74 ||   732
Block: Shield            |    92 |    63 |   272 |   735 |   111 ||  1273
       Rpst.: Long sword |    13 |     8 |    47 |   101 |    15 ||   184
